AoeStats
← CYTR.波吉

African Clearing

506434130Analyzed
4v4 RM · 17d ago on Sep 13, 2026· 36m 8s· 8 players
Game mode
Random Map
Map size
Large (8 player)
Population
200
Speed
Normal
Resources
Standard
Victory
Conquest
Starting age
Dark Age
Ending age
Imperial Age
RankedLock teamsTeams togetherTeam positionsShared explorationLock speedFull tech treeHidden civsTurbo modeCheats
Victory
Defeat
🇩🇪 Jurchens · Germany
1408
+14
🇩🇰 Maya · Denmark
1401
+14
🇹🇼 Tupi · Taiwan
1306
+17
🇹🇼 Vietnamese · Taiwan
1306
+18
🇩🇪 Poles · Germany
1388
-17
🇵🇱 Magyars · Poland
1354
-16
🇪🇸 Burgundians · Spain
1351
-16
🇳🇴 Mongols · Norway
1315
-14
Neinkaiser
4:33 Loom
14:54 Feudal Age
13:27 Double-Bit Axe
14:04 Horse Collar
16:29 Wheelbarrow
22:47 Castle Age
21:09 Gold Mining
21:45 Bow Saw
22:16 Heavy Plow
22:55 Gold Shaft Mining
23:42 Hand Cart
28:55 Scale Barding Armor
29:55 Forging
32:54 Chain Barding Armor
33:12 Iron Casting
33:29 Cavalier
34:48 Stone Mining
35:50 Husbandry
SimoHayhha
14:15 Feudal Age
18:13 Castle Age
17:11 Loom
17:53 Stone Mining
18:18 Double-Bit Axe
20:12 Stone Shaft Mining
30:37 Horse Collar
33:21 Ballistics
33:20 Gold Mining
35:09 Padded Archer Armor
35:17 Fletching
35:37 Husbandry
36:09 Bloodlines
GoodFunHaveLuck
14:51 Feudal Age
17:20 Loom
20:11 Castle Age
19:16 Bloodlines
20:13 Light Cavalry
20:54 Husbandry
29:38 Double-Bit Axe
35:10 Ballistics
Tony Beber
9:05 Loom
13:18 Feudal Age
23:39 Double-Bit Axe
23:35 Horse Collar
29:32 Castle Age
34:19 Fletching
34:54 Szlachta Privileges
Dongart
10:41 Loom
12:37 Feudal Age
16:46 Castle Age
15:20 Double-Bit Axe
18:37 Bow Saw
19:31 Horse Collar
25:21 Wheelbarrow
25:05 Scale Mail Armor
25:15 Forging
25:19 Gold Mining
25:30 Eagle Warrior
26:11 Squires
26:28 Chain Mail Armor
26:10 Arson
27:08 Heavy Plow
28:14 Stone Mining
29:21 Hand Cart
32:17 Iron Casting
35:14 Imperial Age
32:37 Fletching
32:24 Pikeman
33:50 Masonry
34:53 Bodkin Arrow
35:19 Ballistics
34:41 Treadmill Crane
35:46 Coinage
35:23 Elite Eagle Warrior
36:59 Conscription
37:11 Plate Mail Armor
vladtepes
4:05 Loom
12:34 Feudal Age
14:47 Double-Bit Axe
18:12 Scale Barding Armor
18:17 Forging
18:21 Bloodlines
21:56 Forging
26:07 Castle Age
24:55 Fletching
25:12 Gold Mining
27:02 Bodkin Arrow
35:24 Ballistics
35:24 Padded Archer Armor
35:30 Husbandry
CYTR.波吉
11:47 Loom
13:52 Feudal Age
17:57 Castle Age
16:21 Double-Bit Axe
16:42 Gold Mining
17:12 Fletching
18:58 Bow Saw
18:39 Horse Collar
20:25 Bodkin Arrow
23:29 Wheelbarrow
23:14 Town Watch
24:23 Padded Archer Armor
30:23 Hand Cart
30:35 Leather Archer Armor
30:32 Treadmill Crane
31:13 Stone Mining
31:24 Heavy Plow
32:31 Ballistics
33:11 Gold Shaft Mining
32:50 Town Patrol
37:34 Imperial Age
CYTR.波力士上帝
9:15 Loom
12:56 Feudal Age
20:43 Wheelbarrow
25:50 Castle Age
25:49 Forging
27:55 Double-Bit Axe
29:26 Scale Mail Armor
31:18 Horse Collar
31:50 Squires
32:12 Town Watch
32:28 Arson
34:17 Bow Saw
Connection lost

Rejoining the realm…

Still unreachable

The connection could not be restored.

Session expired

The server has moved on; the page needs a fresh start.